 Dungeon Crawl Stone Soup version 0.22-a0-533-g4d20840 (webtiles) character file.

323 Hebeh the Chopper (level 6, -8/57 HPs)
             Began as a Deep Dwarf Fighter on June 22, 2018.
             Was a Follower of Makhleb.
             Mangled by an ogre
             ... wielding a +0 giant club
              (26 damage)
             ... on level 4 of the Dungeon.
             The game lasted 00:12:07 (2807 turns).

Hebeh the Chopper (Deep Dwarf Fighter)              Turns: 2807, Time: 00:12:08

Health: -8/57      AC:  7    Str: 21    XL:     6   Next: 23%
Magic:  6/6        EV:  7    Int:  9    God:    Makhleb [*.....]
Gold:   176        SH: 11    Dex: 12    Spells: 5/5 levels left

rFire    . . .     SeeInvis .   a - +1 war axe
rCold    . . .     Gourm    .   c - +1 shield
rNeg     . . .     Faith    .   b - +0 scale mail
rPois    .         Spirit   .   g - -2 helmet (curse)
rElec    .         Reflect  .   h - +0 cloak
rCorr    .         Harm     .   (no gloves)
MR       .....                  (no boots)
Stlth    ..........             (no amulet)
HPRegen  0.00/turn              (no ring)
MPRegen  0.10/turn              (no ring)

@: lethally poisoned (-8 -> -8), non-regenerating
A: damage resistance, heal wounds, sense surroundings 1, no regeneration
a: Heal Wounds, Renounce Religion


You were on level 4 of the Dungeon.
You worshipped Makhleb.
Makhleb was aware of your devotion.
You were hungry.

You visited 1 branch of the dungeon, and saw 4 of its levels.

You collected 176 gold pieces.

Inventory:

Hand Weapons
 a - a +1 war axe (weapon)
 o - a +2 antimagic trident
 q - a +0 dagger of draining
Missiles
 m - 7 javelins of penetration (quivered)
Armour
 b - a +0 scale mail (worn)
 c - a +1 shield (worn)
 g - a cursed -2 helmet (worn)
 h - a +0 cloak (worn)
Scrolls
 e - 3 scrolls of identify
 i - 2 scrolls of amnesia
 l - a scroll of remove curse {unknown}
 r - a scroll of enchant armour
Potions
 d - 3 potions of might
 k - a potion of heal wounds {unknown}
 n - a potion of magic {unknown}
 p - a potion of ambrosia {unknown}
Comestibles
 f - 2 rations
 j - 8 chunks of flesh


   Skills:
 + Level 3.7 Fighting
 * Level 4.9 Axes
 + Level 4.5 Armour
 + Level 4.4 Shields


You had 5 spell levels left.
You didn't know any spells.
Your spell library was empty.

Dungeon Overview and Level Annotations

Branches:
Dungeon (4/15)
 Temple: D:4-7

Altars:
Makhleb
Qazlal
Trog
Yredelemnul


Innate Abilities, Weirdness & Mutations

You are resistant to damage.
You can heal yourself by infusing magical energy.
You passively map a small area around you.
You do not regenerate.


Message History

The worker ant bites you.
You closely miss the hound. You hit the ogre. You slash the worker ant!
You kill the worker ant!
Makhleb accepts your kill. You block the hound's attack.
The centaur skeleton hits you. The hound bites you.
The ogre hits you with a giant club.
You slash the hound!
The hound is severely wounded.
You barely miss the ogre. You slash the centaur skeleton!
The hound bites you but does no damage.
You block the centaur skeleton's attack.
The hound bites you but does no damage.
You block the centaur skeleton's attack.
The ogre hits you but does no damage.
You slash the hound!
You kill the hound!
Makhleb accepts your kill.
You hit the ogre but do no damage. You hit the centaur skeleton.
The centaur skeleton hits you. The ogre hits you with a giant club!!
You die...

#### * * #.. , ,
#.#*** *
#####.#####* . ,
#..<.....O##....
#.###...@†..# #
#.###Z..# #.#
.#.# * , #.#
.#*.. , #.# .#
*... , #.# .# ##
, #.# *.# , *
#.# *.# , , , ,
*


You could see an ogre and a centaur skeleton.

Vanquished Creatures
  2 orc priests (D:3)
  An orc wizard (D:3)
  A hound (D:4)
  A worker ant (D:4)
  Robin (D:2)
  5 adders
  6 worms (D:2)
  3 leopard geckos (D:3)
  11 orcs (D:3)
  11 bats
  4 giant cockroaches
  12 goblins
  10 hobgoblins
  7 jackals
  7 kobolds
  A quokka (D:2)
  5 frilled lizards
  10 rats
98 creatures vanquished.

Vanquished Creatures (others)
  A ghoul (D:1)
  3 draconians (D:1)
  A gargoyle (D:1)
  A vine stalker (D:1)
  2 trolls (D:1)
  2 spriggans (D:1)
  A human (D:1)
  A dwarf (D:1)
  2 ogres (D:1)
  A mummy (D:1)
  6 tentacles (D:1)
21 creatures vanquished.

Grand Total: 119 creatures vanquished

Notes
Turn   | Place    | Note
-------+----------+-------------------------------------------
     0 | D:1      | Hebeh the Deep Dwarf Fighter began the quest for the Orb.
     0 | D:1      | Reached XP level 1. HP: 20/20 MP: 1/1
     2 | D:1      | Noticed an ogre
     2 | D:1      | Noticed a draconian
     2 | D:1      | Noticed a dwarf
     2 | D:1      | Noticed a ghoul
     2 | D:1      | Noticed a spriggan
     2 | D:1      | Noticed a gargoyle
     2 | D:1      | Noticed a troll
     2 | D:1      | Noticed a vine stalker
     2 | D:1      | Noticed a kraken
     2 | D:1      | Noticed a draconian
     2 | D:1      | Noticed a spriggan
     2 | D:1      | Noticed a troll
     2 | D:1      | Noticed a human
     2 | D:1      | Noticed an ogre
     2 | D:1      | Noticed a draconian
     4 | D:1      | Killed a draconian
     5 | D:1      | Killed a gargoyle
     5 | D:1      | Killed a dwarf
     7 | D:1      | Killed an ogre
     7 | D:1      | Killed a spriggan
     7 | D:1      | Killed a troll
     8 | D:1      | Killed a human
     8 | D:1      | Killed a vine stalker
     9 | D:1      | Killed an ogre
    12 | D:1      | Killed a ghoul
    13 | D:1      | Killed a troll
    13 | D:1      | Killed a draconian
    14 | D:1      | Killed a draconian
    14 | D:1      | Killed a spriggan
   185 | D:1      | Reached XP level 2. HP: 18/27 MP: 2/2
   753 | D:1      | Reached XP level 3. HP: 21/33 MP: 3/3
   979 | D:2      | Noticed Robin
   998 | D:2      | Killed Robin
  1258 | D:2      | Reached XP level 4. HP: 14/42 MP: 4/4
  1692 | D:2      | Found a basalt altar of Yredelemnul.
  1692 | D:2      | Found a burning altar of Makhleb.
  1697 | D:2      | Became a worshipper of Makhleb the Destroyer
  1878 | D:3      | Found a stormy altar of Qazlal.
  2071 | D:3      | Reached XP level 5. HP: 44/49 MP: 5/5
  2285 | D:3      | Found a bloodstained altar of Trog.
  2588 | D:3      | Reached * piety under Makhleb
  2658 | D:3      | Reached XP level 6. HP: 45/56 MP: 6/6
  2807 | D:4      | Mangled by an ogre

Vault maps used:
D:1:      nicolae_arrival_kraken_aquarium_b
D:2:      minmay_diamond_boxcup, gammafunk_temple_overflow_wave,
          hangedman_decor_push, uniq_robin
D:3:      nicolae_qazlal_general_emergency, lemuel_altar_in_water2
D:4:      serial_shops, shop, nzn_random_ring, uniq_natasha, uniq_sigmund

Skill      XL: |  1  2  3  4 |
---------------+-------------+-----
Axes           | 3 4 |  4.9
Fighting       | 3 |  3.7
Armour         | 4 |  4.5
Shields        | 4 |  4.4

Action                   |  1- 3 |  4- 6 || total
-------------------------+-------+-------++-------
Melee: War axe           |   149 |   193 ||   342
Throw: Javelin           |       |     2 ||     2
 Abil: Heal Wounds       |       |     4 ||     4
  Use: Scroll            |       |     8 ||     8
  Eat: Chunk             |     1 |     2 ||     3
       Ration            |       |     1 ||     1
Armor: Scale mail        |    78 |    87 ||   165
Dodge: Dodged            |    36 |    56 ||    92
Block: Shield            |    85 |   119 ||   204

Table legend:
 A = Spawn XP
 B = Non-spawn XP
 C = Spawn XP percentage of total XP
 D = Spawn monster count
 E = Non-spawn monster count
 F = Spawn count percentage of total count
 G = Total turns spent on level
                    A         B        C        D         E        F      G
               +---------+---------+-------+---------+---------+-------+---------
         Total |       0 |     462 |   0.0 |       0 |      98 |   0.0 |  2807
               +---------+---------+-------+---------+---------+-------+---------
           D:1 |       0 |      44 |   0.0 |       0 |      27 |   0.0 |   928
           D:2 |       0 |     138 |   0.0 |       0 |      34 |   0.0 |   913
           D:3 |       0 |     206 |   0.0 |       0 |      35 |   0.0 |   950
           D:4 |       0 |      74 |   0.0 |       0 |       2 |   0.0 |    16
               +---------+---------+-------+---------+---------+-------+---------
